| TOP OF THE 1ST |
|
Northwest Arkansas Naturals batting - Pitching for Portland Sea Dogs : RHP Marcus Golightly
|
|
Pitching: RHP Marcus Golightly
|
|
|
Batting: SHB Jarrod Lindblad
|
0-0: Foul Ball, location: 2F 0-1: Foul Ball, location: 2F 0-2: Strikes out looking
|
|
Batting: RHB Walt Cogswell
|
0-0: Ball 1-0: Fly out, F9 (Flyball, 9LM, EV 85.6 MPH)
|
|
Batting: RHB Marco Diaz
|
0-0: Foul Ball, location: 2F 0-1: Foul Ball, location: 2F 0-2: Ball 1-2: Fly out, F4 (Flyball, 34D, EV 88.1 MPH)
|
| Top of the 1st over - 0 runs, 0 hits, 0 errors, 0 left on base; Northwest Arkansas 0 - Portland 0 |
| BOTTOM OF THE 1ST |
|
Portland Sea Dogs batting - Pitching for Northwest Arkansas Naturals : RHP Arturo Rojas
|
|
Pitching: RHP Arturo Rojas
|
|
|
Batting: LHB Julian Toney
|
0-0: Ball 1-0: Ball 2-0: Called Strike 2-1: Ball 3-1: Swinging Strike 3-2: Fly out, F7 (Flyball, 7S, EV 88.8 MPH)
|
|
Batting: LHB John Bailey
|
0-0: Ball 1-0: Foul Ball, location: 2F 1-1: Called Strike 1-2: Ball 2-2: Foul Ball, location: 2F 2-2: Ball 3-2: Strikes out swinging
|
|
Batting: LHB Brent Albertson
|
0-0: Called Strike 0-1: Ball 1-1: Fly out, F8 (Flyball, 8RS, EV 80.0 MPH)
|
| Bottom of the 1st over - 0 runs, 0 hits, 0 errors, 0 left on base; Northwest Arkansas 0 - Portland 0 |
| TOP OF THE 2ND |
|
Northwest Arkansas Naturals batting - Pitching for Portland Sea Dogs : RHP Marcus Golightly
|
|
Batting: RHB Javier Solis
|
0-0: Called Strike 0-1: Ball 1-1: Ball 2-1: Ball 3-1: TRIPLE (Flyball, 89XD, EV 103.8 MPH)
|
|
Batting: RHB Gavin Jones
|
0-0: Ball 1-0: Ball 2-0: Swinging Strike 2-1: Ball 3-1: Called Strike 3-2: Foul Ball, location: 2F 3-2: Strikes out swinging
|
|
Batting: LHB Robert Wilkins
|
0-0: Called Strike 0-1: Called Strike 0-2: Ball 1-2: Ball 2-2: Strikes out swinging
|
|
Batting: RHB Ben Garrett
|
0-0: Foul Ball, location: 2F 0-1: Ground out 5-3 (Groundball, 56, EV 108.1 MPH)
|
| Top of the 2nd over - 0 runs, 1 hit, 0 errors, 1 left on base; Northwest Arkansas 0 - Portland 0 |
| BOTTOM OF THE 2ND |
|
Portland Sea Dogs batting - Pitching for Northwest Arkansas Naturals : RHP Arturo Rojas
|
|
Batting: LHB Alex Mendoza
|
0-0: Ball 1-0: Reached on error, E5 (Groundball, 5D, EV 88.8 MPH)
|
|
Batting: RHB Neil Mautone
|
0-0: Called Strike 0-1: SINGLE (Groundball, 6D, EV 100.0 MPH) Alex Mendoza to second
|
|
Batting: RHB Pat Bulger
|
0-0: SINGLE (Groundball, 56D, EV 101.9 MPH) Alex Mendoza to third Neil Mautone to second Runner from 3rd tries for Home, SAFE, throw by LF to home
|
|
Batting: LHB Arcot Ramathorn
|
0-0: Called Strike 0-1: Foul Ball, location: 2F 0-2: Strikes out swinging
|
|
Batting: RHB Rogelio Losano
|
0-0: Ball 1-0: Swinging Strike 1-1: Ball 2-1: Grounds into double play, 5-4-3 (Groundball, 56, EV 100.6 MPH)
|
| Bottom of the 2nd over - 1 run, 2 hits, 1 error, 1 left on base; Northwest Arkansas 0 - Portland 1 |
| TOP OF THE 3RD |
|
Northwest Arkansas Naturals batting - Pitching for Portland Sea Dogs : RHP Marcus Golightly
|
|
Batting: RHB Egidius Kruger
|
0-0: Ball 1-0: Called Strike 1-1: Ground out 3-1 (Groundball, 34S, EV 91.2 MPH)
|
|
Batting: RHB Doug Carter
|
0-0: Ball 1-0: Ball 2-0: Ball 3-0: Called Strike 3-1: Called Strike 3-2: Ground out 4-3 (Groundball, 4, EV 91.2 MPH)
|
|
Batting: SHB Jarrod Lindblad
|
0-0: Called Strike 0-1: Called Strike 0-2: Ball 1-2: Ball 2-2: Foul Ball, location: 2F 2-2: Foul Ball, location: 2F 2-2: Ball 3-2: Foul Ball, location: 2F 3-2: Ground out 4-3 (Groundball, 4, EV 80.6 MPH)
|
| Top of the 3rd over - 0 runs, 0 hits, 0 errors, 0 left on base; Northwest Arkansas 0 - Portland 1 |
| BOTTOM OF THE 3RD |
|
Portland Sea Dogs batting - Pitching for Northwest Arkansas Naturals : RHP Arturo Rojas
|
|
Batting: RHB Norimoto Miyanishi
|
0-0: Ground out 6-3 (Groundball, 6, EV 99.4 MPH)
|
|
Batting: LHB Julian Toney
|
0-0: Swinging Strike 0-1: Swinging Strike 0-2: Foul Ball, location: 2F 0-2: Ball 1-2: Ball 2-2: Fly out, F3 (Line Drive, 3, EV 64.4 MPH)
|
|
Batting: LHB John Bailey
|
0-0: Swinging Strike 0-1: Called Strike 0-2: Strikes out swinging
|
| Bottom of the 3rd over - 0 runs, 0 hits, 0 errors, 0 left on base; Northwest Arkansas 0 - Portland 1 |
| TOP OF THE 4TH |
|
Northwest Arkansas Naturals batting - Pitching for Portland Sea Dogs : RHP Marcus Golightly
|
|
Batting: RHB Walt Cogswell
|
0-0: Ball 1-0: Called Strike 1-1: Ball 2-1: Ball 3-1: Fly out, F7 (Flyball, 7, EV 83.1 MPH)
|
|
Batting: RHB Marco Diaz
|
0-0: Ground out 4-3 (Groundball, 4, EV 86.9 MPH)
|
|
Batting: RHB Javier Solis
|
0-0: Fly out, F4 (Popup, 34, EV 65.0 MPH)
|
| Top of the 4th over - 0 runs, 0 hits, 0 errors, 0 left on base; Northwest Arkansas 0 - Portland 1 |
| BOTTOM OF THE 4TH |
|
Portland Sea Dogs batting - Pitching for Northwest Arkansas Naturals : RHP Arturo Rojas
|
|
Batting: LHB Brent Albertson
|
0-0: Ball 1-0: Ground out 4-3 (Groundball, 4, EV 85.6 MPH)
|
|
Batting: LHB Alex Mendoza
|
0-0: Ball 1-0: Called Strike 1-1: Ball 2-1: Called Strike 2-2: Foul Ball, location: 2F 2-2: Foul Ball, location: 2F 2-2: Ground out 6-3 (Groundball, 6S, EV 76.9 MPH)
|
|
Batting: RHB Neil Mautone
|
0-0: Called Strike 0-1: Ball 1-1: SINGLE (Line Drive, 34D, EV 110.6 MPH)
|
|
Batting: RHB Pat Bulger
|
0-0: Fly out, F8 (Flyball, 8RM, EV 90.6 MPH)
|
| Bottom of the 4th over - 0 runs, 1 hit, 0 errors, 1 left on base; Northwest Arkansas 0 - Portland 1 |
| TOP OF THE 5TH |
|
Northwest Arkansas Naturals batting - Pitching for Portland Sea Dogs : RHP Marcus Golightly
|
|
Batting: RHB Gavin Jones
|
0-0: Foul Ball, location: 2F 0-1: Called Strike 0-2: Ball 1-2: Ball 2-2: Strikes out swinging
|
|
Batting: LHB Robert Wilkins
|
0-0: Ground out U3 (Groundball, 3, EV 102.5 MPH)
|
|
Batting: RHB Ben Garrett
|
0-0: Called Strike 0-1: Ball 1-1: Ball 2-1: Foul Ball, location: 2F 2-2: Fly out, F6 (Flyball, 56D, EV 90.0 MPH)
|
| Top of the 5th over - 0 runs, 0 hits, 0 errors, 0 left on base; Northwest Arkansas 0 - Portland 1 |
| BOTTOM OF THE 5TH |
|
Portland Sea Dogs batting - Pitching for Northwest Arkansas Naturals : RHP Arturo Rojas
|
|
Batting: LHB Arcot Ramathorn
|
0-0: Ground out 1-3 (Groundball, 13S, EV 63.1 MPH)
|
|
Batting: RHB Rogelio Losano
|
0-0: SINGLE (Groundball, 5D, EV 110.0 MPH)
|
|
Batting: RHB Norimoto Miyanishi
|
0-0: Fielders Choice at 2nd, 5-4 (Groundball, 56, EV 89.4 MPH)
|
|
Batting: LHB Julian Toney
|
0-0: Called Strike 0-1: Ball 1-1: Ball 2-1: Foul Ball, location: 2F 2-2: Reached on error, E4 (Groundball, 4, EV 103.1 MPH) Norimoto Miyanishi to second
|
|
Batting: LHB John Bailey
|
0-0: Ball 1-0: Ball 2-0: 3-RUN HOME RUN (Flyball, 89XD, EV 112.5 MPH), Distance : 408 ft
|
|
Batting: LHB Brent Albertson
|
0-0: Ground out 4-3 (Groundball, 34, EV 104.4 MPH)
|
| Bottom of the 5th over - 3 runs, 2 hits, 1 error, 0 left on base; Northwest Arkansas 0 - Portland 4 |
| TOP OF THE 6TH |
|
Northwest Arkansas Naturals batting - Pitching for Portland Sea Dogs : RHP Marcus Golightly
|
|
Batting: RHB Egidius Kruger
|
0-0: Called Strike 0-1: Foul Ball, location: 2F 0-2: Strikes out swinging
|
|
Batting: RHB Doug Carter
|
0-0: Swinging Strike 0-1: Ball 1-1: Ball 2-1: SINGLE (Groundball, 56S, EV 69.4 MPH) (infield hit)
|
|
Batting: SHB Jarrod Lindblad
|
0-0: Ball Doug Carter steals 2nd base (no throw) 1-0: Foul Ball, location: 2F 1-1: Fly out, F8 (Flyball, 8RD, EV 91.9 MPH) Runner from 2nd tags up, SAFE at 3rd with throw by CF
|
|
Batting: RHB Walt Cogswell
|
0-0: Foul Ball, location: 2F 0-1: Foul Ball, location: 2F 0-2: Strikes out swinging
|
| Top of the 6th over - 0 runs, 1 hit, 0 errors, 1 left on base; Northwest Arkansas 0 - Portland 4 |
| BOTTOM OF THE 6TH |
|
Portland Sea Dogs batting - Pitching for Northwest Arkansas Naturals : RHP Arturo Rojas
|
|
Batting: LHB Alex Mendoza
|
0-0: Ball 1-0: Ground out U3 (Groundball, 23, EV 79.4 MPH)
|
|
Batting: RHB Neil Mautone
|
0-0: Ball 1-0: Swinging Strike 1-1: Called Strike 1-2: Fly out, F3 (Popup, 3, EV 81.2 MPH)
|
|
Batting: RHB Pat Bulger
|
0-0: Ball 1-0: Ball 2-0: Ball 3-0: Base on Balls
|
|
Batting: LHB Arcot Ramathorn
|
0-0: Foul Ball, location: 2F 0-1: Ball 1-1: Ball 2-1: Foul Ball, location: 2F 2-2: DOUBLE (Flyball, 8LXD, EV 99.4 MPH) Pat Bulger to third
|
|
Batting: RHB Rogelio Losano
|
0-0: Ball 1-0: Fly out, F7 (Line Drive, 7, EV 88.8 MPH)
|
| Bottom of the 6th over - 0 runs, 1 hit, 0 errors, 2 left on base; Northwest Arkansas 0 - Portland 4 |
| TOP OF THE 7TH |
|
Northwest Arkansas Naturals batting - Pitching for Portland Sea Dogs : RHP Marcus Golightly
|
|
Batting: RHB Marco Diaz
|
0-0: Called Strike 0-1: Foul Ball, location: 2F 0-2: Ball 1-2: Ball 2-2: Ball 3-2: Ground out 4-3 (Groundball, 4, EV 87.5 MPH)
|
|
Batting: RHB Javier Solis
|
0-0: Called Strike 0-1: Foul Ball, location: 2F 0-2: Ball 1-2: Foul Ball, location: 2F 1-2: Ball 2-2: Ball 3-2: Foul Ball, location: 2F 3-2: SINGLE (Groundball, 6MD, EV 97.5 MPH)
|
|
Batting: RHB Gavin Jones
|
0-0: Fly out, F7 (Line Drive, 7D, EV 92.5 MPH)
|
|
Batting: LHB Robert Wilkins
|
0-0: Foul Ball, location: 2F 0-1: Foul Ball, location: 2F 0-2: Strikes out looking
|
| Top of the 7th over - 0 runs, 1 hit, 0 errors, 1 left on base; Northwest Arkansas 0 - Portland 4 |
| BOTTOM OF THE 7TH |
|
Portland Sea Dogs batting - Pitching for Northwest Arkansas Naturals : RHP Arturo Rojas
|
|
Batting: RHB Norimoto Miyanishi
|
0-0: Foul Ball, location: 2F 0-1: Ball 1-1: Foul Ball, location: 2F 1-2: Ground out 1-3 (Groundball, 15, EV 76.2 MPH)
|
|
Batting: LHB Julian Toney
|
0-0: Called Strike 0-1: Foul Ball, location: 2F 0-2: Fly out, F8 (Flyball, 89XD, EV 104.4 MPH)
|
|
Batting: LHB John Bailey
|
0-0: Called Strike 0-1: Ball 1-1: Ball 2-1: Called Strike 2-2: SOLO HOME RUN (Flyball, 7D, EV 111.2 MPH), Distance : 404 ft
|
|
Pitching: LHP Ryan Tillett
|
|
|
Batting: LHB Brent Albertson
|
0-0: Foul Ball, location: 2F 0-1: Ground out 1-3 (Groundball, 34S, EV 63.8 MPH)
|
| Bottom of the 7th over - 1 run, 1 hit, 0 errors, 0 left on base; Northwest Arkansas 0 - Portland 5 |
| TOP OF THE 8TH |
|
Northwest Arkansas Naturals batting - Pitching for Portland Sea Dogs : RHP Marcus Golightly
|
|
Batting: RHB Ben Garrett
|
0-0: Ground out 3-1 (Groundball, 34, EV 76.2 MPH)
|
|
Batting: RHB Egidius Kruger
|
0-0: Called Strike 0-1: Foul Ball, location: 2F 0-2: Ground out 6-3 (Groundball, 6, EV 104.4 MPH)
|
|
Batting: RHB Doug Carter
|
0-0: DOUBLE (Flyball, 8LXD, EV 105.0 MPH)
|
|
Batting: SHB Jarrod Lindblad
|
0-0: Foul Ball, location: 2F 0-1: Foul Ball, location: 2F 0-2: Foul Ball, location: 2F 0-2: Ground out 4-3 (Groundball, 4D, EV 108.1 MPH)
|
| Top of the 8th over - 0 runs, 1 hit, 0 errors, 1 left on base; Northwest Arkansas 0 - Portland 5 |
| BOTTOM OF THE 8TH |
|
Portland Sea Dogs batting - Pitching for Northwest Arkansas Naturals : LHP Ryan Tillett
|
|
Batting: LHB Alex Mendoza
|
0-0: Called Strike 0-1: Ground out U3 (Groundball, 3, EV 80.6 MPH)
|
|
Batting: RHB Neil Mautone
|
0-0: Ball 1-0: Fly out, F7 (Flyball, 7LS, EV 88.8 MPH)
|
|
Batting: RHB Pat Bulger
|
0-0: Ball 1-0: Swinging Strike 1-1: Called Strike 1-2: Foul Ball, location: 2F 1-2: Strikes out swinging
|
| Bottom of the 8th over - 0 runs, 0 hits, 0 errors, 0 left on base; Northwest Arkansas 0 - Portland 5 |
| TOP OF THE 9TH |
|
Northwest Arkansas Naturals batting - Pitching for Portland Sea Dogs : RHP Marcus Golightly
|
|
Batting: RHB Walt Cogswell
|
0-0: Swinging Strike 0-1: Swinging Strike 0-2: Strikes out swinging
|
|
Pitching: RHP Michael Vazquez
|
|
|
Batting: RHB Marco Diaz
|
0-0: Foul Ball, location: 2F 0-1: Ball 1-1: Ball 2-1: Ball 3-1: Base on Balls
|
|
Batting: RHB Javier Solis
|
0-0: Called Strike 0-1: Grounds into double play, 5-4-3 (Groundball, 56, EV 103.1 MPH)
|
| Top of the 9th over - 0 runs, 0 hits, 0 errors, 0 left on base; Northwest Arkansas 0 - Portland 5 |
|